[Event "Titled Tuesday Blitz July 11 Early 2023"]
[White "Bauman_Guy"]
[Black "Chor, Kevin"]
[BlackFideId "2090740"]
[WhiteElo "2730"]
[BlackElo "2524"]
[Result "1-0"]
[Round "2"]
[TimeControl "180+2"]
[Date "2023.07.11"]
[WhiteClock "0:00:09"]
[BlackClock "0:00:03"]
[Board "60"]

1. e4 c5 2. Nf3 Nc6 3. d4 cxd4 4. Nxd4 g6 5. c4 Bg7 6. Be3 Nf6 7. Nc3 O-O 8. Be2 d6 9. O-O Bd7 10. f3 Nxd4 11. Bxd4 a5 12. b3 Bc6 13. Qd2 Nd7 14. Bf2 Nc5 15. Rab1 e6 16. Rfe1 Qe7 17. Bf1 Rfd8 18. Ne2 e5 19. Nc3 Ne6 20. Nd5 Bxd5 21. exd5 Nc5 22. g4 f5 23. gxf5 gxf5 24. Bh3 Qf6 25. Kh1 Kh8 26. Rg1 Bh6 27. Qc2 Rf8 28. Rg2 Rae8 29. Rbg1 e4 30. Bxc5 exf3 31. Rf2 dxc5 32. Rxf3 f4 33. Be6 Bg7 34. Rh3 h6 35. Rg6 Qa1+ 36. Rg1 Qe5 37. Qg6 Qf6 38. Rf3 Qe5 39. Qg4 Re7 40. Rgf1 Qe4 41. Qh4 Rf6 42. h3 Qe2 43. Rxf4 Rg6 44. R4f2 Qe3 45. Rf3 Qe2 46. Qf2 Qe5 47. Rg1 Rxg1+ 48. Qxg1 Kh7 49. Qg4 Bf6 50. Bf5+ Kh8 51. Be6 Rg7 52. Qf5 Qe1+ 53. Rf1 Qe2 54. Qf3 Qe5 55. Qxf6 Qe4+ 56. Qf3 Qc2 57. Qf8+ Kh7 58. Bf5+ 1-0


[Site "https://www.chess.com"]

[Event "Titled Tuesday Blitz July 11 Early 2023"]
[White "Sidletskyi, Ivan"]
[Black "Bryakin, Mikhail"]
[WhiteFideId "14156024"]
[BlackFideId "4165314"]
[WhiteElo "2523"]
[BlackElo "2729"]
[Result "1-0"]
[Round "2"]
[TimeControl "180+2"]
[Date "2023.07.11"]
[WhiteClock "0:00:26"]
[BlackClock "0:00:50"]
[Board "61"]

1. c4 c5 2. Nc3 Nc6 3. g3 g6 4. Bg2 Bg7 5. a3 e6 6. b4 d6 7. b5 Na5 8. Qa4 Bd7 9. Bb2 Ne7 10. d3 O-O 11. e4 b6 12. Nge2 Rb8 13. Qc2 Bc8 14. O-O Bb7 15. f4 d5 16. cxd5 exd5 17. e5 d4 18. Ne4 Nd5 19. Bc1 f6 20. Nd6 fxe5 21. Nxb7 Rxb7 22. Qa2 Rd7 23. Bd2 Kh8 24. fxe5 Rxf1+ 25. Rxf1 Bxe5 26. Bxd5 Rxd5 27. Bh6 Bg7 28. Bxg7+ Kxg7 29. Nf4 Rd6 30. Ne6+ Rxe6 31. Qxe6 Qg5 32. Rf7+ Kh6 33. Qh3+ Qh5 34. Qxh5+ Kxh5 35. Rxh7+ Kg4 36. Kf2 Nb3 37. Rxa7 Nc1 38. h3+ Kf5 39. Rf7+ Ke5 40. Rf3 Na2 41. a4 Nc3 42. a5 bxa5 43. b6 Kd6 44. Rf6+ Kd7 45. Rxg6 a4 46. Rg7+ Kc6 47. b7 c4 48. b8=Q cxd3 49. Rc7+ Kd5 50. Qd8+ Ke4 51. Re7+ 1-0


[Site "https://www.chess.com"]

[Event "Titled Tuesday Blitz July 11 Early 2023"]
[White "Brunner, Nicolas"]
[Black "Xu, Yi"]
[WhiteFideId "620246"]
[BlackFideId "8605564"]
[WhiteElo "2522"]
[BlackElo "2726"]
[Result "0-1"]
[Round "2"]
[TimeControl "180+2"]
[Date "2023.07.11"]
[WhiteClock "0:00:14"]
[BlackClock "0:00:49"]
[Board "62"]

1. Nf3 d5 2. g3 Nd7 3. Bg2 e5 4. d3 Ngf6 5. Nbd2 Bd6 6. O-O O-O 7. e4 c6 8. Re1 Re8 9. c3 h6 10. Qc2 a5 11. b3 b6 12. Bb2 Bb7 13. a3 c5 14. exd5 Nxd5 15. Ne4 Bc7 16. c4 N5f6 17. Nxf6+ Qxf6 18. Nxe5 Bxg2 19. Nxd7 Qf3 20. Qc3 f6 21. d4 Rxe1+ 22. Rxe1 cxd4 23. Qxf3 Bxf3 24. c5 d3 25. Bc3 Rd8 26. Re7 bxc5 27. Kf1 Bd6 28. Re3 Be2+ 0-1


[Site "https://www.chess.com"]

[Event "Titled Tuesday Blitz July 11 Early 2023"]
[White "Kumsiashvili, Nikoloz"]
[Black "Reprintsev, Alexander"]
[WhiteFideId "13600621"]
[BlackFideId "14100541"]
[WhiteElo "2721"]
[BlackElo "2522"]
[Result "1-0"]
[Round "2"]
[TimeControl "180+2"]
[Date "2023.07.11"]
[WhiteClock "0:00:25"]
[BlackClock "0:00:11"]
[Board "63"]

1. Nf3 d5 2. b3 Nf6 3. Bb2 g6 4. e3 Bg7 5. Be2 O-O 6. O-O a5 7. a3 b6 8. d3 c5 9. Nbd2 Nc6 10. c4 Bb7 11. Rc1 d4 12. exd4 cxd4 13. Re1 Nd7 14. Bf1 Nc5 15. Rb1 e5 16. Bc1 f5 17. Qc2 Ne6 18. b4 axb4 19. axb4 g5 20. b5 Qc7 21. bxc6 Bxc6 22. Qb3 g4 23. c5 gxf3 24. Qxe6+ Kh8 25. cxb6 Qb7 26. g3 Rae8 27. Qd6 e4 28. Nc4 e3 29. Nxe3 dxe3 30. Bxe3 Rf7 31. Bd4 Rg8 32. Bxg7+ Rfxg7 33. Rbc1 Rg6 34. Qd4+ R6g7 35. Re6 Bd7 36. Re7 h6 37. Rc7 1-0


[Site "https://www.chess.com"]

[Event "Titled Tuesday Blitz July 11 Early 2023"]
[White "ArchibaldCerveza29"]
[Black "Nazari, Arad"]
[BlackFideId "12577324"]
[WhiteElo "2521"]
[BlackElo "2717"]
[Result "0-1"]
[Round "2"]
[TimeControl "180+2"]
[Date "2023.07.11"]
[WhiteClock "0:00:05"]
[BlackClock "0:00:16"]
[Board "64"]

1. e4 c5 2. c3 d5 3. exd5 Qxd5 4. d4 g6 5. Nf3 Bg7 6. Be3 cxd4 7. cxd4 Nc6 8. Nc3 Qa5 9. Be2 Nh6 10. O-O Nf5 11. d5 Ne5 12. Nxe5 Bxe5 13. Bb5+ Bd7 14. Bxd7+ Kxd7 15. Re1 Rhc8 16. Bg5 Bxc3 17. bxc3 f6 18. Bf4 Rc4 19. Qb3 b5 20. Bd2 Rac8 21. Re6 R8c5 22. Rae1 Rxd5 23. Qc2 Rd6 24. Rxd6+ Nxd6 25. Qd3 Qxa2 26. Qd5 Qa6 27. Qe6+ Kc6 28. Qxe7 Qa2 29. Qe3 Re4 30. Qf3 Qxd2 31. Rxe4 Nxe4 32. Qxe4+ Kb6 33. h4 Qxc3 34. h5 gxh5 35. Qxh7 Qe1+ 36. Kh2 Qxf2 37. Qxh5 b4 38. Qd5 Qf4+ 39. Kg1 Qe3+ 40. Kh2 Qe5+ 41. Qxe5 fxe5 42. g4 b3 43. g5 b2 44. g6 b1=Q 45. g7 Qg6 46. g8=Q Qxg8 0-1


[Site "https://www.chess.com"]

[Event "Titled Tuesday Blitz July 11 Early 2023"]
[White "Goryachkina, Aleksandra"]
[Black "feuervogel1000000"]
[WhiteFideId "4147103"]
[WhiteElo "2710"]
[BlackElo "2519"]
[Result "1/2-1/2"]
[Round "2"]
[TimeControl "180+2"]
[Date "2023.07.11"]
[WhiteClock "0:00:04"]
[BlackClock "0:01:06"]
[Board "65"]

1. e4 e5 2. Nf3 Nc6 3. Bc4 Nf6 4. d3 Bc5 5. c3 d6 6. Nbd2 O-O 7. h3 a5 8. a4 Be6 9. O-O Re8 10. Qb3 Bb6 11. Bxe6 Rxe6 12. Nc4 Nd7 13. Nxb6 Nxb6 14. Be3 h6 15. Bxb6 cxb6 16. Nd2 Ne7 17. Nc4 d5 18. Ne3 dxe4 19. dxe4 Qd3 20. Qc4 Qxc4 21. Nxc4 Rc8 22. Ne3 Kf8 23. Rfd1 Ke8 24. Kf1 g6 25. Nd5 f5 26. Nxe7 Kxe7 27. exf5 gxf5 28. Rd5 Rc5 29. Rad1 Rxd5 30. Rxd5 h5 31. Ke2 Kf6 32. Ke3 Rc6 33. Rd7 f4+ 34. Kd3 Kf5 35. Rxb7 e4+ 36. Ke2 Rg6 37. b4 axb4 38. cxb4 Rxg2 39. Kf1 Rg6 40. a5 bxa5 41. bxa5 f3 42. Rb5+ Kf4 43. Rxh5 Rc6 44. Rh4+ Ke5 45. Ke1 Kd4 46. Rh8 Rc1+ 47. Kd2 Rf1 48. Rd8+ Ke5 49. Re8+ Kf4 50. Rf8+ Ke5 51. Re8+ Kd4 52. Rd8+ Ke5 53. Re8+ 1/2-1/2


[Site "https://www.chess.com"]

[Event "Titled Tuesday Blitz July 11 Early 2023"]
[White "Hajiyev, Kanan"]
[Black "De La Villa Garcia, Jesus Maria"]
[WhiteFideId "13404148"]
[BlackFideId "2200040"]
[WhiteElo "2518"]
[BlackElo "2710"]
[Result "1-0"]
[Round "2"]
[TimeControl "180+2"]
[Date "2023.07.11"]
[WhiteClock "0:00:15"]
[BlackClock "0:00:17"]
[Board "66"]

1. d4 d5 2. c4 e6 3. cxd5 exd5 4. Nc3 c6 5. Qc2 Nf6 6. Bf4 Bd6 7. Bg5 O-O 8. e3 Nbd7 9. Bd3 h6 10. Bh4 Re8 11. Nf3 Nf8 12. O-O Bg4 13. Rab1 Bxf3 14. gxf3 a5 15. Kg2 Be7 16. Bg3 Ne6 17. Ne2 Kh8 18. Rg1 Rc8 19. Bf5 Bd6 20. Bh4 c5 21. dxc5 Rxc5 22. Qd3 Be7 23. Rbc1 Qb6 24. b3 Rec8 25. Rxc5 Rxc5 26. Rc1 Rxc1 27. Nxc1 g6 28. Bxe6 Qxe6 29. Ne2 Kg7 30. Nf4 Qc6 31. Bxf6+ Bxf6 32. Qxd5 Qb6 33. a4 h5 34. Qb5 Qa7 35. Nd5 Ba1 36. Qb6 Qa8 37. Nc7 Qd8 38. Ne6+ 1-0


[Site "https://www.chess.com"]

[Event "Titled Tuesday Blitz July 11 Early 2023"]
[White "Wagner, Dennis"]
[Black "slidingknight2775"]
[WhiteFideId "24650684"]
[WhiteElo "2706"]
[BlackElo "2518"]
[Result "1-0"]
[Round "2"]
[TimeControl "180+2"]
[Date "2023.07.11"]
[WhiteClock "0:02:33"]
[BlackClock "0:00:14"]
[Board "67"]

1. d4 Nf6 2. Nf3 d5 3. c4 e6 4. g3 Be7 5. Bg2 O-O 6. O-O dxc4 7. Qa4 a6 8. Qxc4 b5 9. Qc2 Bb7 10. Bg5 Nbd7 11. Bxf6 Nxf6 12. Nbd2 Rc8 13. Nb3 c5 14. dxc5 Ne4 15. Rfd1 Qc7 16. c6 Qxc6 17. Qxc6 Bxc6 18. Ne5 Ba8 19. Nd7 Rc7 20. Nxf8 Kxf8 21. Rac1 Rxc1 22. Rxc1 Bb7 23. Bxe4 1-0


[Site "https://www.chess.com"]

[Event "Titled Tuesday Blitz July 11 Early 2023"]
[White "Osmak, Yuliia"]
[Black "Dimitrov, Atanas"]
[WhiteFideId "14101602"]
[BlackFideId "2901315"]
[WhiteElo "2517"]
[BlackElo "2705"]
[Result "0-1"]
[Round "2"]
[TimeControl "180+2"]
[Date "2023.07.11"]
[WhiteClock "0:00:27"]
[BlackClock "0:00:41"]
[Board "68"]

1. Nf3 Nf6 2. g3 d5 3. Bg2 g6 4. O-O c5 5. d3 Bg7 6. Nbd2 O-O 7. e4 Nc6 8. Qe2 e5 9. c3 Re8 10. exd5 Nxd5 11. Nc4 Bf5 12. Rd1 Qc7 13. Ne3 Nxe3 14. Bxe3 b6 15. Nd2 Rad8 16. Ne4 Be6 17. Bg5 Rc8 18. Nf6+ Bxf6 19. Bxf6 Qd6 20. Qf3 Bf5 21. Bg5 f6 22. Be3 Kg7 23. Qd5 Qxd5 24. Bxd5 Red8 25. Be4 Be6 26. f4 exf4 27. Bxf4 Bd5 28. Kf2 Rd7 29. Rd2 Rcd8 30. Bxd5 Rxd5 31. Rad1 Kf7 32. Ke2 Re8+ 33. Kf2 g5 34. Be3 Rf5+ 35. Ke2 Rfe5 0-1


[Site "https://www.chess.com"]

[Event "Titled Tuesday Blitz July 11 Early 2023"]
[White "Jaracz, Pawel"]
[Black "Ljukin, Sergei"]
[WhiteFideId "1102222"]
[BlackFideId "14102200"]
[WhiteElo "2705"]
[BlackElo "2512"]
[Result "1-0"]
[Round "2"]
[TimeControl "180+2"]
[Date "2023.07.11"]
[WhiteClock "0:00:21"]
[BlackClock "0:00:06"]
[Board "69"]

1. d4 d5 2. c4 c6 3. e3 Nf6 4. Nc3 e6 5. Bd2 Nbd7 6. Bd3 dxc4 7. Bxc4 b5 8. Be2 a6 9. Nf3 c5 10. O-O Bb7 11. Rc1 Be7 12. dxc5 Nxc5 13. Nd4 O-O 14. Bf3 Qb6 15. Bxb7 Qxb7 16. Qf3 Qxf3 17. gxf3 Rac8 18. Nce2 Nd3 19. Rxc8 Rxc8 20. Rb1 e5 21. Nf5 Bf8 22. Nc1 e4 23. fxe4 Nxe4 24. Nxd3 Nxd2 25. Rd1 Nc4 26. b3 g6 27. Nd4 Nd6 28. Nf4 Ne4 29. Nd5 Kg7 30. f3 Nc3 31. Rc1 b4 32. Nxc3 bxc3 33. Kf2 Rc5 34. f4 Kg8 35. Ke2 Rh5 36. Rh1 Ba3 37. Nc2 Bb2 38. Kd3 h6 39. h4 g5 40. fxg5 hxg5 41. Rg1 f6 42. hxg5 Rxg5 43. Rxg5+ fxg5 44. Ke4 Kg7 45. Kf5 Kh6 46. e4 Kh5 47. e5 g4 48. e6 1-0


[Site "https://www.chess.com"]

[Event "Titled Tuesday Blitz July 11 Early 2023"]
[White "marik_spb"]
[Black "Petrosian, Karlen"]
[BlackFideId "4176146"]
[WhiteElo "2496"]
[BlackElo "2703"]
[Result "0-1"]
[Round "2"]
[TimeControl "180+2"]
[Date "2023.07.11"]
[WhiteClock "0:00:16"]
[BlackClock "0:02:53"]
[Board "70"]

1. g3 Nf6 2. Bg2 g6 3. d4 Bg7 4. c4 d6 5. Nf3 O-O 6. O-O Bf5 7. Nc3 Ne4 8. Bf4 Nxc3 9. bxc3 Be4 10. Nd2 Bxg2 11. Kxg2 c5 12. Be3 Nc6 13. d5 Na5 14. Qa4 Bxc3 15. Rab1 b6 16. Ne4 Bg7 17. Bd2 Qe8 18. f4 Qxa4 0-1


[Site "https://www.chess.com"]

[Event "Titled Tuesday Blitz July 11 Early 2023"]
[White "Timerkhanov, Alexander"]
[Black "Bettalli, Francesco"]
[WhiteFideId "24177938"]
[BlackFideId "2816453"]
[WhiteElo "2698"]
[BlackElo "2489"]
[Result "1-0"]
[Round "2"]
[TimeControl "180+2"]
[Date "2023.07.11"]
[WhiteClock "0:00:26"]
[BlackClock "0:00:24"]
[Board "71"]

1. d4 g6 2. e4 Bg7 3. Nc3 c5 4. Nf3 cxd4 5. Nxd4 Nc6 6. Be3 Nf6 7. f3 O-O 8. Bc4 Qb6 9. Qd2 Nxe4 10. Nxc6 Qxc6 11. fxe4 Qxc4 12. h4 h5 13. g4 d5 14. O-O-O Bxg4 15. Nxd5 Bxd1 16. Rxd1 Qxe4 17. Bg5 Kh7 18. Bxe7 Rfe8 19. Bf6 Qf5 20. Qd4 Re4 21. Qc3 Rc8 22. Bxg7 Rxc3 23. Bxc3 Rxh4 24. Nf6+ Kh6 25. Ng8+ Kg5 26. Bd2+ Rf4 27. Rf1 Qc8 28. Bxf4+ Kg4 29. Nf6+ Kh3 30. Rf2 Kh4 31. Rh2+ Qh3 32. Rxh3+ Kxh3 33. Kd2 Kg2 34. Ke3 h4 35. Ng4 f5 36. Ne5 g5 37. Bxg5 h3 38. Bf4 h2 39. Bxh2 Kxh2 1-0


[Site "https://www.chess.com"]

[Event "Titled Tuesday Blitz July 11 Early 2023"]
[White "Urbina Perez, Juan Antonio"]
[Black "Oleksiyenko, Mykhaylo"]
[WhiteFideId "2217368"]
[BlackFideId "4152417"]
[WhiteElo "2480"]
[BlackElo "2698"]
[Result "1-0"]
[Round "2"]
[TimeControl "180+2"]
[Date "2023.07.11"]
[WhiteClock "0:00:42"]
[BlackClock "0:00:16"]
[Board "72"]

1. e4 c5 2. Nf3 e6 3. c3 d5 4. exd5 Qxd5 5. d4 Nf6 6. Be2 Nc6 7. dxc5 Qxd1+ 8. Bxd1 Bxc5 9. O-O O-O 10. Nbd2 Rd8 11. h3 b6 12. Re1 Bb7 13. Nb3 Be7 14. Bf4 Nd5 15. Bg3 a6 16. Ne5 Nxe5 17. Bxe5 f6 18. Bg3 e5 19. Bf3 b5 20. Rad1 Rab8 21. Be4 Nb6 22. Rxd8+ Bxd8 23. Bxb7 Rxb7 24. Rd1 Be7 25. Na5 Rc7 26. f4 exf4 27. Bxf4 Rc8 28. Be3 Na4 29. Rd2 Kf7 30. Kf1 Rd8 31. Rxd8 Bxd8 32. Nc6 Bc7 33. Bc1 Ke6 34. Nb4 a5 35. Nd3 Kd5 36. Ke2 Bg3 37. Be3 f5 38. Kd2 h6 39. b3 Nxc3 40. Kxc3 Ke4 41. Kd2 f4 42. Bb6 a4 43. bxa4 bxa4 44. Nc5+ Kd5 45. Nxa4 g5 46. Nc3+ Kc4 47. Ne4 Bh2 48. Bd8 Kd4 49. Nf6 Bg3 50. a4 Kc4 51. a5 Kb5 52. Ke2 Bh4 53. Ng4 h5 54. Ne5 Bg3 55. Bxg5 Kxa5 56. Kf3 1-0


[Site "https://www.chess.com"]

[Event "Titled Tuesday Blitz July 11 Early 2023"]
[White "Shuvalova, Polina"]
[Black "Kukreja Sankalp"]
[WhiteFideId "24171760"]
[BlackFideId "45027676"]
[WhiteElo "2691"]
[BlackElo "2466"]
[Result "1-0"]
[Round "2"]
[TimeControl "180+2"]
[Date "2023.07.11"]
[WhiteClock "0:00:10"]
[BlackClock "0:00:03"]
[Board "73"]

1. e4 c5 2. Nf3 g6 3. c3 Bg7 4. d4 cxd4 5. cxd4 d5 6. e5 a6 7. Nc3 Nc6 8. h3 f6 9. Bf4 Bf5 10. exf6 Nxf6 11. Bd3 Be4 12. O-O O-O 13. Nxe4 dxe4 14. Bc4+ Kh8 15. Ng5 Qxd4 16. Nf7+ Kg8 17. Ne5+ Kh8 18. Qxd4 Nxd4 19. Rfd1 Nh5 20. Bh2 Rf5 21. Nf7+ Rxf7 22. Bxf7 Rf8 23. Bd5 b5 24. Bxe4 Ne2+ 25. Kh1 Bxb2 26. Rab1 Rxf2 27. Rxb2 Neg3+ 28. Bxg3 Nxg3+ 29. Kh2 Rxb2 30. Kxg3 Rxa2 31. Rd7 Re2 32. Bf3 Re3 33. Ra7 Re6 34. Bb7 Rb6 35. Bxa6 b4 36. Bd3 b3 37. Bb1 Re6 38. Rb7 Re3+ 39. Kf2 Rc3 40. Rxe7 Rc1 41. Re1 Rc3 42. Re3 Rxe3 43. Kxe3 Kg7 44. Kd3 Kf6 45. Kc3 Kg5 46. Kxb3 Kf4 47. Kc3 Kg3 48. Be4 g5 49. Kd4 h5 50. Ke5 g4 51. hxg4 Kxg4 52. Bf5+ Kg3 53. Bh3 h4 54. Kf5 Kh2 55. Kg5 Kg3 56. Kh5 Kh2 57. Kxh4 1-0


[Site "https://www.chess.com"]

[Event "Titled Tuesday Blitz July 11 Early 2023"]
[White "Luo, Terry"]
[Black "NikaVolkov"]
[WhiteFideId "30931045"]
[WhiteElo "2456"]
[BlackElo "2689"]
[Result "0-1"]
[Round "2"]
[TimeControl "180+2"]
[Date "2023.07.11"]
[WhiteClock "0:00:00"]
[BlackClock "0:00:08"]
[Board "74"]

1. d4 d5 2. c4 e6 3. Nf3 Nf6 4. g3 Be7 5. Bg2 O-O 6. O-O dxc4 7. Qc2 a6 8. a4 Nbd7 9. Qxc4 b5 10. Qc6 Rb8 11. Bf4 Nd5 12. axb5 axb5 13. Rc1 Bb7 14. Qc2 Nxf4 15. gxf4 c5 16. dxc5 Bxc5 17. Nc3 Rc8 18. Qd3 b4 19. Ne4 Be7 20. Nd6 Rxc1+ 21. Rxc1 Nc5 22. Rxc5 Qxd6 23. Qxd6 Bxd6 24. Rb5 Bd5 25. Ne5 Ba2 26. Nd3 b3 27. Nc5 Rb8 28. Rxb8+ Bxb8 29. e3 Bd6 30. Na4 Bb1 31. Bf1 Bc2 32. Bc4 e5 33. fxe5 Bxe5 34. f4 Bd6 35. Kf2 Kf8 36. Ke2 f6 37. Bd3 g5 38. fxg5 fxg5 39. h3 h5 40. Nc3 g4 41. hxg4 h4 42. Ne4 Bb4 43. Nf2 Kg7 44. g5 Kf7 45. Nh3 Ke6 46. g6 Kf6 0-1


[Site "https://www.chess.com"]

[Event "Titled Tuesday Blitz July 11 Early 2023"]
[White "Lorparizangeneh, Shahin"]
[Black "Khromkin, Andrey"]
[WhiteFideId "12521604"]
[BlackFideId "4154126"]
[WhiteElo "2686"]
[BlackElo "2445"]
[Result "1-0"]
[Round "2"]
[TimeControl "180+2"]
[Date "2023.07.11"]
[WhiteClock "0:01:01"]
[BlackClock "0:00:06"]
[Board "75"]

1. e4 c5 2. Nf3 Nc6 3. Bb5 g6 4. O-O Bg7 5. c4 Nf6 6. Nc3 O-O 7. h3 Nd4 8. d3 Nxb5 9. Nxb5 a6 10. Nc3 d6 11. d4 cxd4 12. Nxd4 b5 13. cxb5 axb5 14. Ndxb5 Ba6 15. Re1 Qd7 16. a4 Rfb8 17. Be3 Qc6 18. Bd4 Qc4 19. b3 Qc8 20. Rc1 Qd7 21. e5 Ne8 22. exd6 Nxd6 23. Bxg7 Kxg7 24. Nxd6 exd6 25. Qd4+ Kg8 26. Nd5 Qa7 27. Ne7+ 1-0


[Site "https://www.chess.com"]

[Event "Titled Tuesday Blitz July 11 Early 2023"]
[White "Herman, Daniel"]
[Black "Tregubov, Pavel V."]
[WhiteFideId "30935008"]
[BlackFideId "4115341"]
[WhiteElo "2443"]
[BlackElo "2685"]
[Result "0-1"]
[Round "2"]
[TimeControl "180+2"]
[Date "2023.07.11"]
[WhiteClock "0:00:00"]
[BlackClock "0:00:07"]
[Board "76"]

1. c4 e5 2. Nc3 Nf6 3. Nf3 Nc6 4. e3 Bb4 5. Nd5 Bc5 6. a3 a5 7. Qc2 d6 8. b3 Nxd5 9. cxd5 Ne7 10. d4 exd4 11. exd4 Bb6 12. Bd3 Nxd5 13. O-O h6 14. Re1+ Be6 15. Bf5 Qf6 16. Bxe6 fxe6 17. Qe4 Kf7 18. Bd2 Rhe8 19. Rac1 Kg8 20. g3 Re7 21. Kg2 Rf8 22. Re2 Qf5 23. Qxf5 Rxf5 24. Rce1 Rf6 25. Re4 Ref7 26. Bf4 Nxf4+ 27. gxf4 Rxf4 28. Rxf4 Rxf4 29. Rxe6 Bxd4 30. Nxd4 Rxd4 31. Re7 Rd3 32. Rxc7 Rxb3 33. a4 Rb4 34. f3 Kh7 35. Kg3 Kg6 36. h4 Kf6 37. h5 g6 38. hxg6 Kxg6 39. Rd7 Rxa4 40. Rxd6+ Kf5 41. Rb6 Rb4 42. Rxh6 a4 43. Rh5+ Kg6 44. Ra5 b5 45. f4 Kf5 46. Ra8 Rb3+ 47. Kf2 Kxf4 48. Ke2 Ke4 49. Kd2 Kd4 50. Kc2 Kc4 51. Ra7 Kb4 52. Ra8 a3 53. Rh8 Rb2+ 54. Kc1 Kb3 55. Rh3+ Ka2 56. Rf3 b4 57. Rf4 b3 58. Rf3 Rh2 59. Re3 b2+ 0-1


[Site "https://www.chess.com"]

[Event "Titled Tuesday Blitz July 11 Early 2023"]
[White "Nagare Kaivalya Sandip"]
[Black "Pein, Jonathan"]
[WhiteFideId "25957929"]
[BlackFideId "417092"]
[WhiteElo "2680"]
[BlackElo "2436"]
[Result "1-0"]
[Round "2"]
[TimeControl "180+2"]
[Date "2023.07.11"]
[WhiteClock "0:01:07"]
[BlackClock "0:00:13"]
[Board "77"]

1. e4 e5 2. Nf3 d6 3. d4 exd4 4. Nxd4 Nf6 5. Nc3 g6 6. Bc4 Bg7 7. O-O O-O 8. h3 Nc6 9. Be3 Re8 10. Bb3 Bd7 11. Qf3 Ne5 12. Qe2 c5 13. Ndb5 Bc6 14. Rad1 Nxe4 15. Nxe4 Bxe4 16. Nxd6 Qh4 17. Nxe4 Qxe4 18. Bd5 Qb4 19. c3 Qa5 20. Rfe1 Rad8 21. Bg5 Rc8 22. f4 h6 23. fxe5 hxg5 24. Qf3 Qc7 25. e6 f5 26. Bxb7 Rb8 27. Rd7 Qf4 28. Qxf4 gxf4 29. e7 Bf6 30. Bd5+ Kg7 31. Rxa7 Rxb2 32. Bc6 Rbb8 33. Bxe8 Rxe8 34. Ra8 Rxe7 35. Rxe7+ Bxe7 36. Ra7 Kf7 37. h4 Ke6 38. Rxe7+ Kxe7 39. Kf2 Kd6 40. Kf3 Kd5 41. a4 Kc4 42. Kxf4 Kxc3 43. a5 c4 44. a6 Kd3 45. a7 c3 46. a8=Q c2 47. Qd5+ Kc3 48. Qc5+ Kb2 49. Kg5 c1=Q+ 50. Qxc1+ Kxc1 51. Kxg6 Kc2 52. Kxf5 Kd3 53. g4 Ke2 54. h5 Kd2 55. h6 Ke2 56. h7 Kf2 57. h8=Q Kg3 58. g5 Kf2 59. g6 Ke3 60. g7 Ke2 61. g8=Q Kf3 62. Qg4+ Ke3 63. Qc3+ Kf2 64. Qcg3+ Kf1 65. Qd1# 1-0


[Site "https://www.chess.com"]

[Event "Titled Tuesday Blitz July 11 Early 2023"]
[White "Avazkhonov, Alikhon"]
[Black "Begmuratov, Alisher"]
[WhiteFideId "14208504"]
[BlackFideId "14203367"]
[WhiteElo "2435"]
[BlackElo "2679"]
[Result "0-1"]
[Round "2"]
[TimeControl "180+2"]
[Date "2023.07.11"]
[WhiteClock "0:00:00"]
[BlackClock "0:00:11"]
[Board "78"]

1. d4 d5 2. c4 e6 3. Nc3 Nf6 4. cxd5 exd5 5. Bg5 Be7 6. e3 c6 7. Bd3 O-O 8. Qc2 Nbd7 9. Nf3 h6 10. Bh4 Re8 11. O-O-O Ne4 12. Bxe4 Bxh4 13. Bh7+ Kh8 14. Bd3 Nf8 15. Rdg1 Bf6 16. g4 c5 17. h4 cxd4 18. exd4 Qd6 19. Qd2 Bd8 20. g5 h5 21. Ne5 Rxe5 22. dxe5 Qxe5 23. Qe2 Qf4+ 24. Kb1 Bf5 25. Nxd5 Bxd3+ 26. Qxd3 Qd6 27. Qf3 Qg6+ 28. Ka1 Ne6 29. Nf4 Nxf4 30. Qxf4 Bb6 31. Rd1 Rc8 32. Rd7 Rc2 33. Qxf7 Qxf7 34. Rxf7 Kg8 35. Rxb7 Rxf2 36. a3 Kh7 37. Rg1 Bd4 38. g6+ Kh6 39. Rg5 Bf6 40. Ra5 Bxh4 41. Raxa7 Bf6 42. Rb5 h4 43. Raa5 Kxg6 44. Rh5 Rxb2 45. Rhg5+ Bxg5 46. Kxb2 h3 47. Rd5 Kh5 48. Rd1 Kh4 49. a4 h2 50. a5 Be3 51. a6 Bg1 52. Kc2 h1=Q 0-1


[Site "https://www.chess.com"]

[Event "Titled Tuesday Blitz July 11 Early 2023"]
[White "Parkhov, Yair"]
[Black "Ergazakis, Ioannis"]
[WhiteFideId "2813408"]
[BlackFideId "4290976"]
[WhiteElo "2679"]
[BlackElo "2434"]
[Result "0-1"]
[Round "2"]
[TimeControl "180+2"]
[Date "2023.07.11"]
[WhiteClock "0:00:16"]
[BlackClock "0:00:10"]
[Board "79"]

1. d4 Nf6 2. c4 e6 3. Nf3 d5 4. Nc3 c5 5. e3 a6 6. cxd5 exd5 7. Bd3 Nc6 8. O-O Bd6 9. dxc5 Bxc5 10. h3 O-O 11. a3 Ba7 12. b4 d4 13. exd4 Nxd4 14. Bb2 Be6 15. Ne4 Bb3 16. Nxf6+ gxf6 17. Bxh7+ Kg7 18. Qb1 Nxf3+ 19. gxf3 Rh8 20. Bf5 Qd6 21. Kg2 Rag8 22. Bg4 Bb8 23. Rh1 Kf8 24. Qf5 Rg6 25. Rac1 Kg7 26. Rc8 Be6 27. Bxf6+ Rxf6 28. Qxf6+ Kxf6 29. Rxh8 Ba7 30. Bxe6 Qd2 31. Rf1 fxe6 32. Rh4 Qd3 33. a4 Bd4 34. Rg4 e5 35. h4 Qc2 36. h5 Qxa4 37. h6 Qc2 38. Rg7 e4 39. fxe4 Qxe4+ 40. f3 Qe2+ 41. Kg3 Qxf1 42. Kf4 Qc1+ 43. Ke4 Qxh6 44. Rd7 Qe3+ 45. Kd5 Qe6+ 46. Kxd4 Qxd7+ 47. Kc5 Qb5+ 48. Kd6 Qxb4+ 49. Kc7 b5 50. Kc6 a5 51. Kd5 a4 52. f4 a3 53. f5 Qc4+ 54. Kd6 a2 55. Kd7 a1=Q 56. Kd6 Qa6+ 57. Kd7 Qcc6+ 58. Kd8 Qac8# 0-1


[Site "https://www.chess.com"]

[Event "Titled Tuesday Blitz July 11 Early 2023"]
[White "Kvaloy, Aksel Bu"]
[Black "KorolDimitriy75"]
[WhiteFideId "1528815"]
[WhiteElo "2670"]
[BlackElo "2433"]
[Result "1-0"]
[Round "2"]
[TimeControl "180+2"]
[Date "2023.07.11"]
[WhiteClock "0:01:19"]
[BlackClock "0:00:11"]
[Board "80"]

1. d4 Nf6 2. c4 c5 3. d5 b5 4. cxb5 a6 5. bxa6 g6 6. Nc3 Bxa6 7. e4 Bxf1 8. Kxf1 d6 9. g3 Bg7 10. Kg2 O-O 11. Nf3 Nbd7 12. a4 Qb8 13. Nb5 Nxe4 14. Re1 Ndf6 15. Qd3 Qb7 16. Rxe4 Nxe4 17. Qxe4 Ra6 18. Bg5 e6 19. Rd1 Bxb2 20. Qh4 exd5 21. Be7 Rfa8 22. Nxd6 Qc6 23. Ng5 h5 24. Ngxf7 d4+ 25. f3 Rxa4 26. Qg5 Kh7 27. Qh6+ Kg8 28. Qxg6# 1-0


[Site "https://www.chess.com"]

[Event "Titled Tuesday Blitz July 11 Early 2023"]
[White "arenal72"]
[Black "Fantinel, Thibault"]
[BlackFideId "663395"]
[WhiteElo "2421"]
[BlackElo "2658"]
[Result "1/2-1/2"]
[Round "2"]
[TimeControl "180+2"]
[Date "2023.07.11"]
[WhiteClock "0:00:10"]
[BlackClock "0:00:07"]
[Board "81"]

1. e4 c5 2. Nf3 e6 3. d4 cxd4 4. Nxd4 Nf6 5. Nc3 Nc6 6. Nxc6 bxc6 7. e5 Nd5 8. Ne4 Qc7 9. f4 Qb6 10. c4 Bb4+ 11. Ke2 f5 12. exf6 Nxf6 13. Be3 Qd8 14. Nd6+ Bxd6 15. Qxd6 Bb7 16. Rg1 Ne4 17. Qd4 c5 18. Qxg7 Qh4 19. Rd1 O-O-O 20. b4 Rhg8 21. Qe5 Qxh2 22. bxc5 Rg3 23. Qd4 Qh5+ 24. Ke1 Bc6 25. Be2 Qg6 26. Bf3 Rg8 27. Rb1 Qf5 28. Qb2 Kd8 29. Bf2 Qxf4 30. Bxg3 Rxg3 31. Qh8+ Ke7 32. Qxh7+ Kf6 33. Qh8+ Ke7 34. Qh7+ Kf6 35. Qh8+ Kf7 36. Bh5+ Ke7 37. Qe8+ Kf6 38. Qf7+ Ke5 39. Qxf4+ Kxf4 40. Rf1+ Ke3 41. Rb3+ Kd4 42. Rxg3 Nxg3 43. Kf2 Nxf1 44. Kxf1 Kxc4 45. g4 Kxc5 46. g5 Be4 47. g6 Kb4 48. g7 Bh7 49. Be8 d6 50. Bf7 e5 51. g8=Q Bxg8 52. Bxg8 Kc3 53. Ke2 Kd4 54. a4 d5 55. Kd2 a5 56. Ke2 Kc4 57. Ke3 Kc5 58. Kd3 e4+ 59. Ke3 Kc4 60. Bf7 Kc5 61. Bg8 Kb4 62. Bxd5 Kxa4 63. Kxe4 Ka3 64. Kd3 Kb2 65. Bc4 a4 66. Bd5 a3 67. Bc4 Kb1 68. Bd5 Kb2 69. Bc4 Ka1 70. Kc2 a2 71. Kc1 1/2-1/2


[Site "https://www.chess.com"]